 Dungeon Crawl Stone Soup version 0.30-a0-728-gc68057be0a (webtiles) character file.

Game seed: 3043873060265819502

12072 Newt the Thrower (level 11, -7/81 HPs)
             Began as a Demonspawn Gladiator on Jan 31, 2023.
             Was the Champion of Okawaru.
             Mangled by an eight-headed hydra (8 damage)
             ... on level 8 of the Dungeon.
             The game lasted 00:18:47 (8529 turns).

Newt the Thrower (Demonspawn Gladiator)             Turns: 8529, Time: 00:18:47

Health: -7/81      AC: 13    Str: 17    XL:     11   Next: 57%
Magic:  0/26       EV:  9    Int: 12    God:    Okawaru [******]
Gold:   381        SH: 11    Dex: 23    Spells: 10/10 levels left

rFire   + . .      SeeInvis +    a - +6 short sword of Internal Strife {flame, Int+4}
rCold   . . .      Faith    .    k - +0 kite shield
rNeg    + . .      Spirit   +    D - +1 scale mail of Viny Freedom {rPois Dex+2 SInv Stlth-}
rPois   +          Reflect  .    r - +1 hat {Will+}
rElec   .          Harm     .    T - +2 ratskin cloak {*Rats rPois rN+ Str-1 Int-1 Dex+1}
rCorr   .          Rampage  .    j - +0 pair of gloves
Will    +....                    (no boots)
Stlth   ++++                     q - amulet of regeneration
HPRegen 1.13/turn                i - ring of magical power
MPRegen 0.40/turn                C - ring of protection from fire

@: no status effects
A: horns 1, thin skeletal structure 2, powered by pain 1, magic shield, magic
regeneration, camouflage 2, poison resistance, MP-powered wands
a: Renounce Religion, Heroism, Finesse, Duel


You were on level 8 of the Dungeon.
You worshipped Okawaru.
Okawaru was exalted by your worship.
You visited 1 branch of the dungeon, and saw 9 of its levels.
You visited the Abyss 1 time.
You also visited: Ossuary.

You collected 381 gold pieces.

Inventory:

Hand Weapons
 a - the +6 short sword of Internal Strife (weapon) {flame, Int+4}
   (You found it on level 8 of the Dungeon)

   Int:       It affects your intelligence (+4).
 b - the +11 trident "Jegum" {protect, rPois rN++ Stlth-}
   (You found it on level 7 of the Dungeon)

   rPois:     It protects you from poison.
   rN:        It greatly protects you from negative energy.
   Stlth:     It makes you less stealthy.
Missiles
 d - 4 throwing nets
 m - 56 stones (quivered)
 G - 5 poisoned darts
 U - 4 atropa-tipped darts
Armour
 j - a +0 pair of gloves (worn)
 k - a +0 kite shield (worn)
 r - a +1 hat of willpower (worn)
 D - the +1 scale mail of Viny Freedom (worn) {rPois Dex+2 SInv Stlth-}
   (You found it on level 4 of the Dungeon)

   Dex:       It affects your dexterity (+2).
   rPois:     It protects you from poison.
   SInv:      It lets you see invisible.
   Stlth:     It makes you less stealthy.
 T - the +2 ratskin cloak (worn) {*Rats rPois rN+ Str-1 Int-1 Dex+1}
   (You found it on level 7 of the Dungeon)

   *Rats:     When the wearer is hurt, rats may emerge from it to assist them.
   Str:       It affects your strength (-1).
   Int:       It affects your intelligence (-1).
   Dex:       It affects your dexterity (+1).
   rPois:     It protects you from poison.
   rN:        It protects you from negative energy.
Jewellery
 i - a ring of magical power (left hand)
 q - an amulet of regeneration (around neck)
 A - a ring of fire
 C - a ring of protection from fire (right hand)
 J - a ring of wizardry
 W - a +5 ring of evasion
Wands
 e - a wand of flame (65)
 v - a wand of iceblast (24)
 B - a wand of digging (10)
 L - a wand of quicksilver (6)
Scrolls
 F - 2 scrolls of fear
 K - a scroll of fog
 O - a scroll of teleportation
 R - a scroll of amnesia
 S - a scroll of magic mapping
 Z - a scroll of identify
Potions
 f - a potion of haste
 g - 5 potions of curing
 h - 3 potions of might
 l - a potion of ambrosia
 n - a potion of invisibility
 p - 4 potions of mutation
 s - a potion of flight
 t - 2 potions of lignification
 u - a potion of brilliance
 x - a potion of berserk rage
 I - 2 potions of attraction
 M - a potion of magic


   Skills:
 - Level 6.0 Fighting
 - Level 7.3(8.0) Short Blades
 - Level 4.5(6.6) Long Blades
 - Level 10.0 Throwing
 - Level 5.0 Armour
 - Level 2.6 Dodging
 - Level 2.0 Stealth
 + Level 5.4 Shields
 - Level 9.0 Invocations


You had 10 spell levels left.
You didn't know any spells.
Your spell library contained the following spells:

 Spells                   Type           Power      Damage    Failure   Level
 Apportation              Tloc           0%         N/A       96%         1
 Necrotise                Necr           0%         1d4       96%         1
 Sandblast                Erth           0%         2d4       96%         1
 Sting                    Tmut/Pois      0%         1d3       96%         1
 Ensorcelled Hibernation  Hex/Ice        0%         N/A       99%         2
 Passwall                 Tmut/Erth      0%         N/A       99%         2
 Poisonous Vapours        Pois/Air       0%         N/A       99%         2
 Dazzling Flash           Conj/Hex       0%         N/A       100%        3
 Inner Flame              Hex/Fire       0%         N/A       100%        3
 Spider Form              Tmut/Pois      0%         N/A       100%        3
 Stone Arrow              Conj/Erth      0%         3d7       100%        3
 Anguish                  Hex/Necr       0%         N/A       100%        4
 Cause Fear               Hex            0%         N/A       100%        4
 Iskenderun's Mystic Bla  Conj/Tloc      0%         2d3       100%        4
 Olgreb's Toxic Radiance  Pois           0%         N/A       100%        4
 Alistair's Intoxication  Tmut/Pois      0%         N/A       100%        5
 Starburst                Conj/Fire      0%         6d3       100%        6
 Discord                  Hex            0%         N/A       100%        8
 Summon Small Mammal      Summ           Unusable   N/A       N/A         1

Dungeon Overview and Level Annotations

Branches:
Dungeon (9/15)             Temple (0/1) D:5            Lair (0/5) D:9
Ossuary (visited)
    Orc: D:9-12

Altars:
Fedhas
Hepliaklqana
Makhleb
Okawaru
Xom

Shops:
D:2 [


Innate Abilities, Weirdness & Mutations

You have a pair of small horns on your head.
You have a moderately thin skeletal structure. (Dex +4, Stealth++)
You sometimes gain a little power by taking damage.
When hurt, damage is shared between your health and your magic reserves.
You regenerate magic rapidly.
Your skin blends seamlessly with your surroundings (Stealth++).
Your system is resistant to poisons. (rPois)
You expend magic power (3 MP) to strengthen your wands.


Message History

The poisoned dart hits the eight-headed hydra.
The eight-headed hydra is almost dead.
The eight-headed hydra closely misses you.
You block the eight-headed hydra's attack.
The eight-headed hydra closely misses you.
You block the eight-headed hydra's attack.
The eight-headed hydra bites you but does no damage.
The eight-headed hydra bites you! The eight-headed hydra bites you.
The eight-headed hydra bites you but does no damage.
Throw: 6 darts (poison)
Press: ? - help, Shift-Dir - straight line, f/p - eight-headed hydra
Aim: an eight-headed hydra (almost dead, 84% to hit)
You throw a poisoned dart.
The poisoned dart hits the eight-headed hydra!!
The eight-headed hydra is almost dead.
The eight-headed hydra bites you but does no damage.
The eight-headed hydra bites you!
* * * LOW HITPOINT WARNING * * *
The eight-headed hydra bites you!
* * * LOW HITPOINT WARNING * * *
You focus on the pain.
You feel your power returning.
You block the eight-headed hydra's attack.
The eight-headed hydra bites you.
* * * LOW HITPOINT WARNING * * *
You block the eight-headed hydra's attack.
The eight-headed hydra bites you!
* * * LOW HITPOINT WARNING * * *
The eight-headed hydra bites you.
You feel much better.
You block the eight-headed hydra's attack. x2
The eight-headed hydra bites you!
* * * LOW HITPOINT WARNING * * *
The eight-headed hydra barely misses you.
You block the eight-headed hydra's attack.
The eight-headed hydra bites you!
* * * LOW HITPOINT WARNING * * *
The eight-headed hydra bites you!
* * * LOW HITPOINT WARNING * * *
The eight-headed hydra bites you!
You die...

########
.......##########################
.......#....#.....(..............
.......+....[....D...............
.......#.>..#...@................
.......###'##..[##......##.....##
............#...##########.....##
#######.....#.....[......#.......
#.....#............#.......
#.....'............#.......
#.....#...##.......'.....##
#.....###'##......##.....##
#.....#...##......#########


You could see an eight-headed hydra.

Vanquished Creatures
  A hydra (D:8)
  2 boulder beetles
  A tengu warrior (D:8)
  An orange crystal statue (D:9)
  Pikel (D:6)
  An unseen horror (D:9)
  A spriggan (shapeshifter) (D:9)
  3 wraiths
  19 yaks
  3 steam dragons
  3 orc warriors
  A sky beast (D:7)
  A black bear (D:7)
  2 ice beasts
  An ogre (D:6)
  A centaur (D:8)
  A phantom (D:5)
  2 kobold brigands
  5 bullfrogs
  3 necrophages
  2 gnoll sergeants
  5 scorpions
  17 wights
  5 killer bees (D:8)
  3 howler monkeys
  3 hounds
  2 jellies
  Crazy Yiuf (D:6)
  3 orc priests
  Jessica (D:3)
  3 gnoll boudas
  Ijyb (D:3)
  9 hell rats (D:7)
  5 iguanas
  6 orc wizards
  Robin (D:3)
  18 gnolls
  5 adders
  18 river rats (D:7)
  A white imp (D:6)
  An ufetubus (D:5)
  3 adder zombies (Ossuary)
  2 worms (D:3)
  3 dart slugs
  18 orcs
  7 ball pythons
  3 endoplasms
  4 giant cockroaches
  11 goblins
  8 hobgoblins
  2 quokkas (D:3)
  2 ball python skeletons (Ossuary)
  6 bats
  3 frilled lizards
  A hobgoblin skeleton (Ossuary)
  A hobgoblin zombie (Ossuary)
  10 kobolds
  2 orc skeletons (Ossuary)
  8 rats
257 creatures vanquished.

Vanquished Creatures (others)
  A wizard (D:9)
  An iguana (D:6)
  6 plants (D:4)
8 creatures vanquished.

Grand Total: 265 creatures vanquished

Notes
Turn   | Place    | Note
-------+----------+-------------------------------------------
     0 | D:1      | Newt the Demonspawn Gladiator began the quest for the Orb.
     0 | D:1      | Reached XP level 1. HP: 16/16 MP: 1/1
    31 | D:1      | Reached skill level 1 in Stealth
    88 | D:1      | Gained mutation: You sometimes gain a little power by
                  | taking damage. [demonic ancestry]
    88 | D:1      | Reached XP level 2. HP: 18/22 MP: 2/2
   920 | D:2      | Reached XP level 3. HP: 28/28 MP: 3/3
  1030 | D:2      | Found an iron altar of Okawaru.
  1051 | D:2      | Became a worshipper of Warmaster Okawaru
  1657 | D:2      | Found Opnat's Armour Shop.
  1972 | D:3      | Noticed Jessica
  1979 | D:3      | Killed Jessica
  1980 | D:3      | Reached XP level 4. HP: 35/37 MP: 4/4
  2029 | D:3      | Reached skill level 2 in Throwing
  2050 | D:3      | Noticed Ijyb
  2051 | D:3      | Noticed Robin
  2084 | D:3      | Killed Robin
  2085 | D:3      | Killed Ijyb
  2145 | D:3      | Gained mutation: You have a somewhat thin skeletal
                  | structure. (Dex +2, Stealth+) [demonic ancestry]
  2145 | D:3      | Reached XP level 5. HP: 42/42 MP: 5/5
  2279 | D:3      | Reached skill level 3 in Throwing
  2543 | D:3      | Reached skill level 4 in Throwing
  2861 | D:4      | Found a sand-covered staircase.
  2916 | D:4      | Reached * piety under Okawaru
  2917 | D:4      | Gained mutation: You regenerate magic rapidly. [demonic
                  | ancestry]
  2917 | D:4      | Reached XP level 6. HP: 35/46 MP: 6/6
  2928 | Ossuary  | Entered an ossuary
  2990 | Ossuary  | Reached skill level 5 in Throwing
  3192 | Ossuary  | Noticed a wraith
  3192 | Ossuary  | Noticed a flying skull
  3209 | Ossuary  | Noticed a flying skull
  3210 | Ossuary  | Noticed a flying skull
  3232 | Ossuary  | Gained mutation: You have large cloven feet. [potion of
                  | mutation]
  3232 | Ossuary  | Gained mutation: You expend magic power (3 MP) to
                  | strengthen your wands. [potion of mutation]
  3389 | Ossuary  | Noticed a flying skull
  3395 | Ossuary  | Noticed a wraith
  3406 | Ossuary  | Killed a wraith
  3407 | Ossuary  | Gained mutation: When hurt, damage is shared between your
                  | health and your magic reserves. [demonic ancestry]
  3407 | Ossuary  | Reached XP level 7. HP: 22/54 MP: 7/7
  3568 | Ossuary  | Reached skill level 6 in Throwing
  3588 | Ossuary  | Noticed a wraith
  3621 | Ossuary  | Killed a wraith
  3621 | Ossuary  | Reached ** piety under Okawaru
  3852 | D:4      | Identified the +1 scale mail of Viny Freedom {rPois Dex+2
                  | SInv Stlth-}
  4307 | D:5      | Entered Level 5 of the Dungeon
  4335 | D:4      | Reached XP level 8. HP: 36/61 MP: 8/8
  4339 | D:4      | Reached skill level 5 in Fighting
  4467 | D:5      | Found a staircase to the Ecumenical Temple.
  4687 | D:5      | Found a hazy altar of Hepliaklqana.
  4872 | D:6      | Reached skill level 1 in Long Blades
  5075 | D:6      | Noticed Pikel
  5086 | D:6      | Killed Pikel
  5086 | D:6      | Reached *** piety under Okawaru
  5086 | D:6      | Received a gift from Okawaru
  5087 | D:6      | Reached skill level 7 in Throwing
  5087 | D:6      | Reached XP level 9. HP: 40/69 MP: 8/9
  5440 | D:6      | Found a runed translucent door.
  5441 | D:6      | Identified the +0 hammer "Editat" {freeze, rPois rN++ Str+3
                  | Int-5}
  5447 | D:6      | Noticed Crazy Yiuf
  5460 | D:6      | Killed Crazy Yiuf
  5636 | D:6      | Received a gift from Okawaru
  5637 | D:6      | Reached skill level 8 in Throwing
  5943 | D:7      | Found a shimmering altar of Xom.
  5949 | D:7      | Reached skill level 9 in Throwing
  6004 | D:7      | Found a blossoming altar of Fedhas.
  6034 | D:7      | Reached **** piety under Okawaru
  6214 | D:7      | Reached skill level 10 in Throwing
  6214 | D:7      | Reached skill level 1 in Armour
  6230 | D:7      | Identified the +11 trident "Jegum" {protect, rPois rN++
                  | Stlth-}
  6277 | D:7      | Received a gift from Okawaru
  6288 | D:7      | Gained mutation: You have a moderately thin skeletal
                  | structure. (Dex +4, Stealth++) [demonic ancestry]
  6288 | D:7      | Reached XP level 10. HP: 76/76 MP: 10/10
  6444 | D:7      | Found the +2 ratskin cloak {*Rats rPois rN+ Str-1 Int-1
                  | Dex+1}
  6696 | D:8      | Received a gift from Okawaru
  6773 | D:8      | Reached skill level 5 in Armour
  6829 | D:8      | Identified the +6 short sword of Internal Strife {flame,
                  | Int+4}
  6870 | D:8      | Reached skill level 1 in Invocations
  6969 | D:8      | Reached skill level 5 in Invocations
  6979 | D:8      | Reached ***** piety under Okawaru
  6987 | D:8      | Identified the +3 scale mail "Earthly Heaven" {-Cast rN+
                  | Str+4}
  7238 | D:9      | Found a staircase to the Lair.
  7479 | D:9      | Noticed an orange crystal statue
  7482 | D:9      | Noticed a gargoyle
  7492 | D:9      | Killed an orange crystal statue
  7492 | D:9      | Received a gift from Okawaru
  7514 | D:9      | Gained mutation: You have a pair of small horns on your
                  | head. [demonic ancestry]
  7514 | D:9      | Reached XP level 11. HP: 63/81 MP: 7/17
  7532 | D:9      | Reached skill level 5 in Short Blades
  7623 | D:9      | Found a burning altar of Makhleb.
  7866 | D:9      | Noticed a tengu warrior
  7866 | D:9      | Noticed an eight-headed hydra
  7868 | D:9      | Noticed a centaur warrior
  7868 | D:9      | Noticed a boulder beetle
  7869 | D:9      | Noticed a boulder beetle
  7869 | D:9      | Noticed a six-headed hydra
  7870 | D:9      | Noticed a white ugly thing
  7872 | D:9      | Noticed a tengu warrior
  7875 | D:9      | Noticed a wizard
  7888 | D:8      | Killed a tengu warrior
  8180 | Abyss:2  | Cast into level 2 of the Abyss (a wizard)
  8216 | Abyss:2  | Found a corrupted altar of Lugonu.
  8280 | D:9      | Escaped the Abyss
  8333 | D:8      | Killed a boulder beetle
  8333 | D:8      | Received a gift from Okawaru
  8389 | D:9      | Killed a wizard
  8451 | D:9      | Killed a boulder beetle
  8451 | D:9      | Reached ****** piety under Okawaru
  8480 | D:9      | Lost mutation: You expend magic power (3 MP) to strengthen
                  | your wands. [potion of mutation]
  8480 | D:9      | Lost mutation: You have large cloven feet. [potion of
                  | mutation]
  8480 | D:9      | Gained mutation: You expend magic power (3 MP) to
                  | strengthen your wands. [potion of mutation]
  8480 | D:9      | Gained mutation: Your system is resistant to poisons.
                  | (rPois) [potion of mutation]
  8480 | D:9      | Gained mutation: Your skin changes colour to match your
                  | surroundings (Stealth+). [potion of mutation]
  8480 | D:9      | Gained mutation: Your skin blends seamlessly with your
                  | surroundings (Stealth++). [potion of mutation]
  8489 | D:9      | Noticed a four-headed hydra
  8503 | D:8      | Killed a four-headed hydra
  8504 | D:8      | Reached skill level 5 in Shields
  8528 | D:8      | HP: 4/81 [eight-headed hydra (4)]
  8529 | D:8      | HP: 1/81 [eight-headed hydra (11)]
  8529 | D:8      | Mangled by an eight-headed hydra

Illustrated notes

Levels and vault maps discovered:
D:1:      minmay_arrival_stone_box, layout_loops_ring
D:2:      layout_loops_ring, basic_altar, serial_shops,
          nicolae_shop_advertising_works [nicolae_subvault_shop_adworks]
D:3:      layout_loops_corners, nicolae_goblin_pals, uniq_jessica, uniq_ijyb
D:4:      layout_basic, nicolae_ossuary_entry_plus, lexackson_kobold_supper
D:5:      layout_rooms, nzn_hepliaklqana_mist_gate,
          minmay_temple_entry_sparse_star
D:6:      minmay_razor_zed, layout_cave_pods, uniq_pikel,
          uniq_crazy_yiuf_cottage
D:7:      wander_guarded_unrand_ratskin, layout_cave_pools,
          general_overflow_altar, mainiacjoe_overflow_paths
D:8:      layout_gridville
D:9:      layout_loops_ring, mainiacjoe_overflow_concentric_impassable,
          mainiacjoe_overflow_cross_hatched, kennysheep_mini_moat,
          lair_entry_dummy, minivault_16, minivault_28

Skill      XL: |  1  2  3  4  5  6  7  8  9 10 11 |
---------------+----------------------------------+-----
Stealth        | 1 2 |  2.0
Fighting       | 4 6 |  6.0
Throwing       | 2 4 5 6 7 10 | 10.0
Shields        | 4 5 |  5.4
Long Blades    | 4 |  4.5
Armour         | 2 5 |  5.0
Invocations    | 9 |  9.0
Short Blades   | 4 7 |  7.3
Dodging        | |  2.6

Action                     |  1- 3 |  4- 6 |  7- 9 | 10-12 || total
---------------------------+-------+-------+-------+-------++-------
  Melee: Rapier            |   133 |       |       |       ||   133
         Dagger            |     6 |   171 |    59 |       ||   236
         Kick              |       |     2 |    84 |   124 ||   210
         Scimitar          |       |       |   204 |       ||   204
         Trident           |       |       |    14 |   229 ||   243
         Short sword       |       |       |       |   139 ||   139
         Headbutt          |       |       |       |    44 ||    44
  Throw: Stone             |     3 |     6 |    16 |     5 ||    30
         Javelin           |       |     3 |     3 |    18 ||    24
         Throwing net      |       |     2 |       |     1 ||     3
         Dart              |       |       |     7 |    22 ||    29
  Evoke: Wand              |       |     3 |    16 |       ||    19
    Use: Scroll            |     4 |     5 |     9 |     2 ||    20
         Potion            |     1 |     4 |       |     4 ||     9
   Stab: Sleeping          |    10 |    12 |     4 |     1 ||    27
         Distracted        |       |       |       |     1 ||     1
         Held in net/web   |       |       |       |     1 ||     1
 Armour: Leather armour    |    35 |    29 |    11 |       ||    75
         Scale mail        |       |       |   117 |   223 ||   340
  Dodge: Dodged            |    69 |    56 |   113 |   173 ||   411
  Block: Kite shield       |    27 |    56 |   177 |   244 ||   504

Table legend: (Time is in decaauts)
 A = Elapsed time spent in this place.
 B = Non-inter-level travel time spent in this place.
 C = Inter-level travel time spent in this place.
 D = Time resting spent in this place.
 E = Time spent auto-exploring this place.
 F = Levels seen in this place.
 G = Mean time per level.
                   A        B        C        D        E       F      G
               +--------+--------+--------+--------+--------+-----+--------+
         Total |   8801 |   8399 |    402 |   1137 |   4698 |  11 |  800.1 |
       Dungeon |   7816 |   7414 |    402 |    675 |   4596 |   9 |  868.4 |
         Abyss |     99 |     99 |      0 |      0 |      0 |   1 |   99.0 |
       Ossuary |    885 |    885 |      0 |    462 |    102 |   1 |  885.0 |
               +--------+--------+--------+--------+--------+-----+--------+

Top non-repeatable levels by time:
     D:6: 1211 daAuts
     D:8: 980 daAuts
     D:3: 930 daAuts
     D:2: 923 daAuts
     D:1: 909 daAuts
 Ossuary: 885 daAuts
     D:9: 877 daAuts
     D:4: 816 daAuts
     D:7: 747 daAuts
     D:5: 419 daAuts
 Abyss:2: 99 daAuts
